 Dungeon Crawl Stone Soup version 0.30-a0-359-gd0147acb1a (webtiles) character file.

Game seed: 16875770894597694036

389 runemasterragnar the Sneak (level 6, -1/49 HPs)
             Began as a Demonspawn Delver on Nov 12, 2022.
             Was an Initiate of Makhleb.
             Slain by a wraith (4 damage)
             ... in an ossuary.
             The game lasted 00:07:09 (2581 turns).

runemasterragnar the Sneak (Demonspawn Delver)      Turns: 2581, Time: 00:07:09

Health: -1/49      AC:  6    Str: 16    XL:     6   Next: 49%
Magic:  7/7        EV: 13    Int: 11    God:    Makhleb [......]
Gold:   20         SH:  0    Dex: 17    Spells: 5/5 levels left

rFire   . . .      SeeInvis .    e - +3 long sword
rCold   . . .      Faith    .    (no shield)
rNeg    + + .      Spirit   .    j - +2 leather armour of Femereo {rN+ Str+2}
rPois   .          Reflect  .    (no helmet)
rElec   .          Harm     .    g - +0 cloak
rCorr   .          Rampage  .    (no gloves)
Will    .....                    (no boots)
Stlth   ++++......               (no amulet)
HPRegen 0.28/turn                c - ring of positive energy
MPRegen 0.10/turn                (no ring)

@: slowed, very slow
A: thin skeletal structure 1, demonic touch 1
a: Renounce Religion


You were in an ossuary.
You worshipped Makhleb.
Makhleb was noncommittal.
You visited 2 branches of the dungeon, and saw 6 of its levels.
You also visited: Ossuary.

You collected 59 gold pieces.
You spent 39 gold pieces at shops.

Inventory:

Hand Weapons
 e - a +3 long sword (weapon)
 l - a +0 hand axe
 p - a +0 rapier
 s - a +0 long sword
Armour
 a - a +0 leather armour
 g - a +0 cloak (worn)
 j - the +2 leather armour of Femereo (worn) {rN+ Str+2}
   (You found it on level 3 of the Dungeon)

   Str:       It affects your strength (+2).
   rN:        It protects you from negative energy.
 r - a +0 ring mail
Jewellery
 c - a ring of positive energy (left hand)
Wands
 f - a wand of digging (3)
Scrolls
 b - a scroll of fog
 d - a scroll of fear
 m - 2 scrolls of identify {unknown}
 n - a scroll of torment {unknown}
 o - a scroll of brand weapon {unknown}
 x - a scroll of butterflies {unknown}
 y - a scroll of silence {unknown}
Potions
 h - a potion of flight {unknown}
 i - 3 potions of cancellation {unknown}
 k - a potion of brilliance {unknown}
 q - a potion of curing
 t - a potion of attraction {unknown}
 u - 4 potions of heal wounds {unknown}
 v - 2 potions of lignification {unknown}
 w - 2 potions of berserk rage


   Skills:
 + Level 4.5 Fighting
 + Level 1.7 Long Blades
 + Level 3.5 Dodging
 + Level 5.7 Stealth
 - Level 1.9 Unarmed Combat
 + Level 2.0 Invocations


You had 5 spell levels left.
You didn't know any spells.
Your spell library was empty.

Dungeon Overview and Level Annotations

Branches:
Dungeon (6/15)             Temple (1/1) D:4         Ossuary (1/1)

Altars:
Ashenzari
Cheibriados
Dithmenos
Gozag
Kikubaaqudgha
Makhleb
Okawaru
Qazlal
Sif Muna
Uskayaw
Wu Jian
Xom
Yredelemnul

Shops:
D:4 !


Innate Abilities, Weirdness & Mutations

You have a somewhat thin skeletal structure. (Dex +2, Stealth+)
Your touch may inflict minor irresistible damage on your foes.


Message History

You open the door.
There is an open door here.
There is an open door here.
You open the door.
Found a scroll labelled DOHYARAEMAJ.
There is an open door here.
m - 2 scrolls labelled DOHYARAEMAJ (gained 1)
There is an open door here.
You open the door.
A wraith comes into view.
Found a purple potion.
You slash the wraith!
You touch the wraith.
The wraith is moderately damaged.
The wraith hits you. The wraith drains your vigour!
You feel yourself slow down.
You hit the wraith.
You touch the wraith!
The wraith is severely damaged.
The wraith hits you but does no damage. The wraith hits you.
The wraith drains your vigour!
You feel as though you will be slow longer.
You closely miss the wraith.
You touch the wraith.
The wraith is almost destroyed.
The wraith hits you! The wraith drains your vigour!
You feel as though you will be slow longer.
The wraith barely misses you.
You hit the wraith but do no damage. Your touch misses the wraith.
The wraith is almost destroyed.
The wraith hits you! The wraith hits you.
Okay, then.
You barely miss the wraith.
The wraith is almost destroyed.
The wraith hits you but does no damage. The wraith hits you!
* * * LOW HITPOINT WARNING * * *
Unknown command.
You barely miss the wraith.
The wraith is almost destroyed.
The wraith hits you.
* * * LOW HITPOINT WARNING * * *
The wraith hits you.
You die...

...........................#
...........................#
..####......###......####..#
..#.'...8...#.#...8...'.#..#
..####......#'#......####..#
............#.#............#
...........................#
..####.####.....####.####..
. #.'..#.'...8..@W!#..'.# .
..####.####.....####.####..
...........................#
............#.#............#
..####......#'#......####..#
..#.'...8...#.#...8...'.#..#
..####......###......####..#
...........................#
...........................#


You could see a wraith.

Vanquished Creatures
  An ogre (D:4)
  A bullfrog (D:4)
  2 wights (D:6)
  An orc wizard (D:4)
  3 mummies (Ossuary)
  3 adders
  4 orcs
  3 endoplasms (D:4)
  3 giant cockroaches (D:4)
  2 gnoll zombies (Ossuary)
  A goblin (D:4)
  3 hobgoblins
  4 jackals
  4 kobolds (D:4)
  2 quokkas
  6 ball pythons
  A goblin zombie (Ossuary)
  4 hobgoblin zombies (Ossuary)
  2 kobold zombies (Ossuary)
  A rat (D:3)
51 creatures vanquished.

Notes
Turn   | Place    | Note
-------+----------+-------------------------------------------
     0 | D:5      | runemasterragnar the Demonspawn Delver began the quest for
                  | the Orb.
     0 | D:5      | Reached XP level 1. HP: 18/18 MP: 1/1
    27 | D:5      | Noticed a hound
   211 | D:4      | Noticed a bullfrog
   249 | D:3      | Identified the +2 leather armour of Femereo {rN+ Str+2}
   322 | D:3      | Gained mutation: You have a somewhat thin skeletal
                  | structure. (Dex +2, Stealth+) [demonic ancestry]
   322 | D:3      | Reached XP level 2. HP: 24/24 MP: 2/2
   612 | D:4      | Found Ogekhut's Distillery.
   618 | D:4      | Bought a potion of curing for 39 gold pieces
   679 | D:4      | Noticed an ogre
   685 | D:4      | Killed an ogre
   686 | D:4      | Reached skill level 5 in Stealth
   686 | D:4      | Gained mutation: Your touch may inflict minor irresistible
                  | damage on your foes. [demonic ancestry]
   686 | D:4      | Reached XP level 3. HP: 14/30 MP: 3/3
   686 | D:4      | Reached XP level 4. HP: 17/37 MP: 4/4
   914 | D:4      | Found a staircase to the Ecumenical Temple.
   958 | D:4      | Killed a bullfrog
   959 | D:4      | Reached skill level 1 in Long Blades
   959 | D:4      | Reached XP level 5. HP: 39/42 MP: 5/5
  1019 | D:5      | Noticed an ogre
  1089 | Temple   | Entered the Ecumenical Temple
  1300 | Temple   | Became a worshipper of Makhleb the Destroyer
  1876 | D:6      | Reached skill level 1 in Invocations
  1889 | D:6      | Reached XP level 6. HP: 21/49 MP: 5/7
  1904 | D:6      | Found a sand-covered staircase.
  1910 | Ossuary  | Entered an ossuary
  1910 | Ossuary  | Noticed a wraith
  1910 | Ossuary  | Noticed a wraith
  1910 | Ossuary  | Noticed a wraith
  2575 | Ossuary  | Noticed a wraith
  2581 | Ossuary  | Slain by a wraith

Illustrated notes

Levels and vault maps discovered:
D:2:      cheibrodos_greedy_goblins, layout_basic
D:3:      layout_basic, kennysheep_orc_chapel
D:4:      minmay_chambers_of_threes, layout_loops_ring,
          minmay_temple_entry_from_below_a, serial_shops, shop, st_stairs_7
D:5:      layout_loops_ring
D:6:      layout_loops_cross, nicolae_hepliaklqana_monster_ancestors,
          fedhas_altar_fruit_tree, nicolae_overflow_crystal_walls,
          mainiacjoe_overflow_surrounded_room, nicolae_ossuary_entry_plus,
          gammafunk_ghost_split, portal_sewer_entry_f, kennysheep_windowed_goal
Temple:   nicolae_temple_bog_church
Ossuary:  ossuary_kennysheep_city_of_the_dead

Skill      XL: |  1  2  3  4  5  6 |
---------------+-------------------+-----
Dodging        | 2 3 |  3.5
Stealth        | 5 |  5.7
Fighting       | 4 |  4.5
Long Blades    | 1 |  1.7
Invocations    | 1 2 |  2.0
Unarmed Combat | |  1.9

Action                   |  1- 3 |  4- 6 || total
-------------------------+-------+-------++-------
Melee: Unarmed           |    36 |       ||    36
       Hand axe          |     8 |       ||     8
       Long sword        |     4 |    87 ||    91
       Punch             |     1 |     2 ||     3
       Touch             |       |    19 ||    19
  Use: Potion            |     2 |     1 ||     3
       Scroll            |       |     6 ||     6
 Stab: Sleeping          |     3 |     8 ||    11
Armor: Leather armour    |    17 |    16 ||    33
Dodge: Dodged            |    36 |    37 ||    73

Table legend: (Time is in decaauts)
 A = Elapsed time spent in this place.
 B = Non-inter-level travel time spent in this place.
 C = Inter-level travel time spent in this place.
 D = Time resting spent in this place.
 E = Time spent auto-exploring this place.
 F = Levels seen in this place.
 G = Mean time per level.
                   A        B        C        D        E       F      G
               +--------+--------+--------+--------+--------+-----+--------+
         Total |   2627 |   2466 |    161 |    544 |    973 |   7 |  375.3 |
       Dungeon |   1711 |   1575 |    136 |    156 |    786 |   5 |  342.2 |
        Temple |    233 |    208 |     25 |      0 |    185 |   1 |  233.0 |
       Ossuary |    682 |    682 |      0 |    388 |      2 |   1 |  682.0 |
               +--------+--------+--------+--------+--------+-----+--------+

Top non-repeatable levels by time:
     D:4: 1105 daAuts
 Ossuary: 682 daAuts
     D:5: 294 daAuts
     D:3: 272 daAuts
  Temple: 233 daAuts
     D:6: 30 daAuts
     D:2: 9 daAuts
